[Event "ICC tourney 3095 (40 10)"]
[Site "Internet Chess Club"]
[Date "2023.01.07"]
[Round "1"]
[White "Manley, Nicholas:NickManley1987"]
[Black "Jones, Richard S:weakfish"]
[Result "0-1"]
[ICCResult "White resigns"]
[WhiteElo "1012"]
[BlackElo "1376"]
[Opening "Caro-Kann: classical, 6.h4"]
[ECO "B18"]
[NIC "CK.12"]
[Time "11:00:02"]
[PlyCount "26"]
[TimeControl "2400+10"]

1. e4 c6 2. d4 d5 3. Nc3 dxe4 4. Nxe4 Bf5 5. Ng3 Bg6 6. h4 h6 7. h5 Bh7 8.
Nf3 Nd7 9. Bd3 Bxd3 10. Qxd3 Ngf6 11. Bd2 e6 12. O-O-O Be7 13. Kb1 a5
{White resigns}
0-1

[Event "ICC tourney 3095 (40 10)"]
[Site "Internet Chess Club"]
[Date "2023.01.07"]
[Round "1"]
[White "NI, MATTHEW:oldwetplant"]
[Black "BOYCE, JOHN :boulevard34"]
[Result "1-0"]
[ICCResult "Black resigns"]
[WhiteElo "1324"]
[BlackElo "913"]
[Opening "Vienna game"]
[ECO "C26"]
[NIC "VG.02"]
[Time "11:00:31"]
[PlyCount "87"]
[TimeControl "2400+10"]

1. e4 e5 2. Nc3 Nf6 3. Bc4 Bc5 4. f4 d6 5. f5 Bd7 6. d3 h6 7. Qf3 Nc6 8.
Nge2 Qe7 9. Be3 Nd4 10. Bxd4 exd4 11. Nd5 Qe5 12. Nxc7+ Ke7 13. Nxa8 Rxa8
14. Qf4 b5 15. Qxe5+ dxe5 16. Bb3 a5 17. a3 Ng4 18. Ng3 a4 19. Bd5 Rb8 20.
Nf1 f6 21. h3 Ne3 22. Nxe3 dxe3 23. c3 Rc8 24. Ke2 Be8 25. g4 g6 26. Rad1
gxf5 27. exf5 Rd8 28. Be4 Bf7 29. Rc1 Bd5 30. Bxd5 Rxd5 31. Rcd1 Ba7 32.
Rhe1 Kd6 33. Kf3 Ke7 34. Ke4 Rd8 35. d4 exd4 36. cxd4 Kf7 37. Kxe3 Re8+ 38.
Kd3 Rd8 39. Re4 Bb6 40. Rc1 Rd7 41. Rc6 Ba7 42. h4 Rb7 43. Ree6 Bxd4 44.
Kxd4 {Black resigns} 1-0

[Event "ICC tourney 3095 (40 10)"]
[Site "Internet Chess Club"]
[Date "2023.01.07"]
[Round "1"]
[White "Yan, Rayna:K01-30157975"]
[Black "JARGALSAIKHAN, OCHIR:K06-30018301"]
[Result "0-1"]
[ICCResult "White checkmated"]
[WhiteElo "1048"]
[BlackElo "1411"]
[Opening "Sicilian: Pelikan (Lasker/Sveshnikov) variation"]
[ECO "B33"]
[NIC "SI.35"]
[Time "11:00:38"]
[PlyCount "84"]
[TimeControl "2400+10"]

1. e4 c5 2. Nf3 Nc6 3. d4 cxd4 4. Nxd4 Nf6 5. Nc3 e5 6. Ndb5 d6 7. Be3 Be7
8. Bc4 Be6 9. Nd5 Bxd5 10. Bxd5 a6 11. Bxc6+ bxc6 12. Nc3 d5 13. exd5 cxd5
14. Bg5 d4 15. Bxf6 Bxf6 16. Ne4 Be7 17. O-O O-O 18. f4 Qd5 19. Qf3 Rad8 20.
f5 f6 21. Rad1 Bc5 22. c3 Bb6 23. Kh1 Qxa2 24. cxd4 Bxd4 25. b3 Qa3 26. Qg4
Qxb3 27. Rde1 a5 28. Rf3 Qf7 29. Rg3 a4 30. h4 Ra8 31. h5 h6 32. Ra3 Qe7 33.
Ra2 Qb4 34. Ree2 Kh8 35. Qg6 a3 36. g4 Qb1+ 37. Kh2 Qg1+ 38. Kh3 Rab8 39. g5
Rb3+ 40. Kh4 Qh1+ 41. Kg4 Qf3+ 42. Kh4 Qh3# {White checkmated} 0-1

[Event "ICC tourney 3095 (40 10)"]
[Site "Internet Chess Club"]
[Date "2023.01.07"]
[Round "1"]
[White "Saravia, Kyle:Kyle45"]
[Black "HAO, RYAN:Ryan334"]
[Result "0-1"]
[ICCResult "White checkmated"]
[WhiteElo "1231"]
[BlackElo "727"]
[Opening "Ruy Lopez: Exchange variation doubly deferred (DERLD)"]
[ECO "C85"]
[NIC "RL.14"]
[Time "11:10:30"]
[PlyCount "128"]
[TimeControl "2400+10"]

1. e4 e5 2. Nf3 Nc6 3. Bb5 a6 4. Ba4 Nf6 5. O-O Be7 6. Bxc6 dxc6 7. Nxe5
Nxe4 8. Re1 Nf6 9. d4 O-O 10. Be3 Bf5 11. c3 Nd7 12. f4 Nxe5 13. fxe5 f6 14.
Qb3+ Qd5 15. Qxb7 fxe5 16. Qxc7 Bd6 17. c4 Bxc7 18. cxd5 cxd5 19. dxe5 Bxe5
20. Bc5 Bxb2 21. Bxf8 Rxf8 22. Nd2 Bxa1 23. Rxa1 Rc8 24. Nf3 Be4 25. Nd4 Rb8
26. Nb3 Bc2 27. Nc5 Rb1+ 28. Rxb1 Bxb1 29. Nxa6 Bxa2 30. Nb4 Bc4 31. Kf2 Kf7
32. Ke3 Ke6 33. Kd4 Kd6 34. g3 g5 35. h4 h6 36. Nc2 Ke6 37. Ne3 Kf6 38. Ng4+
Kg6 39. Ne5+ Kf5 40. g4+ Kf6 41. h5 Ke6 42. Ng6 Be2 43. Ne5 Bd1 44. Nc6 Bxg4
45. Nd8+ Ke7 46. Nc6+ Kf6 47. Nb4 Bxh5 48. Nxd5+ Kf5 49. Ke3 Bd1 50. Nc3 Bb3
51. Kf3 h5 52. Kg3 h4+ 53. Kf2 g4 54. Ne2 Bc4 55. Ng1 Kf4 56. Kg2 Bd5+ 57.
Kh2 Bf3 58. Nh3+ gxh3 59. Kxh3 Kg5 60. Kh2 Kg4 61. Kg1 Kg3 62. Kf1 h3 63.
Kg1 h2+ 64. Kf1 h1=Q# {White checkmated} 0-1

[Event "ICC tourney 3095 (40 10)"]
[Site "Internet Chess Club"]
[Date "2023.01.07"]
[Round "1"]
[White "Lou, Alvin:alvinl77"]
[Black "ZHOU, ZACK:ZackZhou"]
[Result "1-0"]
[ICCResult "Black resigns"]
[WhiteElo "885"]
[BlackElo "1300"]
[Opening "Rousseau gambit"]
[ECO "C50"]
[NIC "IG.03"]
[Time "11:03:38"]
[PlyCount "39"]
[TimeControl "2400+10"]

1. e4 e5 2. Nf3 Nc6 3. Bc4 f5 4. d4 fxe4 5. Nxe5 Nf6 6. Bg5 d5 7. Bxf6 Qxf6
8. Bxd5 Nxe5 9. dxe5 Qxe5 10. Nc3 Bb4 11. O-O Bxc3 12. bxc3 Qxc3 13. Re1 Bf5
14. Bxe4 Bxe4 15. Rxe4+ Kf7 16. Qd7+ Kg6 17. Re6+ Kh5 18. Qd5+ g5 19. Qd1+
g4 20. Qd5+ {Black resigns} 1-0

[Event "ICC tourney 3095 (40 10)"]
[Site "Internet Chess Club"]
[Date "2023.01.07"]
[Round "1"]
[White "CHANG, ALEXANDER:Elatedbook"]
[Black "STEBBINS, PRESCOTT ALLEN:MysticWeirdness"]
[Result "0-1"]
[ICCResult "White checkmated"]
[WhiteElo "1267"]
[BlackElo "811"]
[Opening "Giuoco Pianissimo: Canal variation"]
[ECO "C46"]
[NIC "KP.06"]
[Time "11:00:52"]
[PlyCount "144"]
[TimeControl "2400+10"]

1. e4 e5 2. Nf3 Nc6 3. Nc3 Bc5 4. Bc4 Nf6 5. d3 d6 6. Bg5 h6 7. Bh4 g5 8.
Bg3 g4 9. Nd2 Be6 10. Bb3 Qd7 11. Nd5 Bxd5 12. Bxd5 Nxd5 13. exd5 Nd4 14.
Ne4 Qf5 15. Nxc5 dxc5 16. a4 Qg5 17. c3 Nf5 18. Bxe5 Qe7 19. Qe2 f6 20. Bxf6
Qxe2+ 21. Kxe2 Rf8 22. Be5 O-O-O 23. Kd2 Rxd5 24. Rhe1 Rfd8 25. Kc2 b6 26.
Rad1 Rf8 27. f4 gxf3 28. gxf3 Rdd8 29. f4 Rde8 30. Ra1 Rg8 31. Rg1 Ne3+ 32.
Kd2 Ng4 33. h3 Nxe5 34. fxe5 Rxg1 35. Rxg1 Rxe5 36. Rg8+ Kb7 37. c4 Rh5 38.
Rg3 Rf5 39. Ke2 Ka6 40. Rg7 Rh5 41. Rxc7 Rxh3 42. Rh7 Rh2+ 43. Kd1 Rxb2 44.
Rxh6 Ra2 45. Kc1 Rxa4 46. Kb2 Ka5 47. Kb3 Ra1 48. Rh7 a6 49. Rc7 Rd1 50. Kc2
Rh1 51. Kc3 Rh3 52. Rc6 Rh5 53. Rd6 b5 54. Rd5 Rxd5 55. cxd5 Kb6 56. d4 c4
57. Kb4 a5+ 58. Kc3 Kc7 59. Kc2 Kd6 60. Kc3 Kxd5 61. Kc2 Kxd4 62. Kd2 b4 63.
Kc2 c3 64. Kc1 Kd3 65. Kd1 b3 66. Kc1 c2 67. Kb2 Kd2 68. Kxb3 c1=Q 69. Ka2
Qc4+ 70. Kb2 Qb4+ 71. Ka1 Kc2 72. Ka2 Qb2# {White checkmated} 0-1

[Event "ICC tourney 3095 (40 10)"]
[Site "Internet Chess Club"]
[Date "2023.01.07"]
[Round "1"]
[White "XAVIER KIM, EVEREST:K05-17350711"]
[Black "Sun, Nathan Haojia:nathansun123"]
[Result "1/2-1/2"]
[ICCResult "White stalemated"]
[WhiteElo "708"]
[BlackElo "1216"]
[Opening "King's Indian: London system"]
[ECO "A45"]
[NIC "QP.03"]
[Time "11:21:39"]
[PlyCount "86"]
[TimeControl "2400+10"]

1. d4 Nf6 2. Bf4 g6 3. Nf3 Bg7 4. Nc3 d5 5. e3 b6 6. Bb5+ Bd7 7. Bxd7+ Qxd7
8. Ne5 Qd8 9. O-O Nh5 10. Qg4 f6 11. Nxg6 hxg6 12. Qxg6+ Kf8 13. Rfe1 c6 14.
e4 Nxf4 15. Qg3 Nh5 16. Qg4 dxe4 17. Rxe4 Qd7 18. Qf3 f5 19. Rd1 Nf6 20. Rf4
e6 21. g4 Bh6 22. g5 Bxg5 23. Ne4 Bxf4 24. Nxf6 Qg7+ 25. Kf1 Qxf6 26. Qxf4
Qe7 27. d5 cxd5 28. Qe5 Rh7 29. c4 Nc6 30. Qf4 Rh4 31. Qe3 Rxc4 32. Qa3 Qxa3
33. bxa3 Ke7 34. Kg2 Rg8+ 35. Kf3 Ne5+ 36. Ke3 Re4+ 37. Kd2 Rd4+ 38. Kc2
Rc8+ 39. Kb3 Rxd1 40. f4 Nd3 41. h4 Nxf4 42. h5 Nxh5 43. Ka4 Rb1
{White stalemated}
1/2-1/2

[Event "ICC tourney 3095 (40 10)"]
[Site "Internet Chess Club"]
[Date "2023.01.07"]
[Round "1"]
[White "RAVIND G N, RICNESH:RickyCarlsen"]
[Black "procopio, Patti:prostripe"]
[Result "1-0"]
[ICCResult "Black resigns"]
[WhiteElo "1467"]
[BlackElo "1132"]
[Opening "Saragossa opening"]
[ECO "A00"]
[NIC "VO.12"]
[Time "11:01:58"]
[PlyCount "71"]
[TimeControl "2400+10"]

1. c3 Nf6 2. d4 g6 3. Nf3 Bg7 4. Bg5 d6 5. Nbd2 O-O 6. e4 Bg4 7. h3 Bxf3 8.
Qxf3 Nbd7 9. Bd3 c5 10. O-O Rc8 11. Rfe1 Qb6 12. e5 dxe5 13. dxe5 Nh5 14.
Nc4 Qc6 15. Qxc6 bxc6 16. Bxe7 Rfe8 17. Nd6 Rxe7 18. Nxc8 Rxe5 19. Nxa7 Rd5
20. Rad1 Ne5 21. Be4 Rxd1 22. Rxd1 f5 23. Bxc6 Nf4 24. Bd5+ Kf8 25. Rd2 Nfd3
26. Nc6 Bh6 27. Nxe5 Bxd2 28. Nxd3 Ke7 29. Kf1 Kd6 30. c4 Ba5 31. Ke2 h6 32.
h4 g5 33. hxg5 hxg5 34. f4 g4 35. Bg8 Bd8 36. Bh7 {Black resigns} 1-0

[Event "ICC tourney 3095 (40 10)"]
[Site "Internet Chess Club"]
[Date "2023.01.07"]
[Round "1"]
[White "Cao, Tingkai:Tingkai"]
[Black "Guntaka, Aayansh R:aayanshguntaka"]
[Result "0-1"]
[ICCResult "White checkmated"]
[WhiteElo "920"]
[BlackElo "1345"]
[Opening "French: advance variation"]
[ECO "C02"]
[NIC "FR.03"]
[Time "11:00:20"]
[PlyCount "184"]
[TimeControl "2400+10"]

1. e4 e6 2. d4 d5 3. e5 c5 4. c3 Qb6 5. Nf3 Nc6 6. Be2 cxd4 7. cxd4 Nh6 8.
Nc3 Nf5 9. Bb5 Bb4 10. Bxc6+ Qxc6 11. Bd2 O-O 12. O-O Bd7 13. a3 Bxc3 14.
Bxc3 a5 15. Rc1 Qb6 16. Re1 Rfc8 17. Re2 Bb5 18. Rec2 Ba4 19. Qd3 Bxc2 20.
Rxc2 Qc6 21. g4 Ne7 22. Ne1 Qd7 23. Qg3 b5 24. h3 Qb7 25. Qd3 b4 26. axb4
axb4 27. Bd2 Rxc2 28. Qxc2 Nc6 29. Be3 Ra1 30. Kf1 Qa6+ 31. Qe2 Qxe2+ 32.
Kxe2 Ra2 33. Nd3 Na5 34. Bc1 Nb3 35. Be3 Ra1 36. Nxb4 Rh1 37. Kd3 Rxh3 38.
Kc3 Na5 39. Nd3 Rh1 40. b3 Rb1 41. Nc5 g6 42. Kb4 Nxb3 43. Nxb3 h5 44. gxh5
gxh5 45. Kc3 h4 46. Nd2 h3 47. Nf3 Rg1 48. Bf4 Rg2 49. Bg3 Kg7 50. Kd3 Kh6
51. Ke3 Kh5 52. Ke2 Kg4 53. Ke3 Rxg3 54. fxg3 Kxg3 55. Ke2 h2 56. Nxh2 Kxh2
57. Kf3 Kh3 58. Kf4 Kh4 59. Kf3 Kh5 60. Kf4 Kh4 61. Kf3 Kg5 62. Kg3 Kh6 63.
Kf4 Kg6 64. Kg4 f6 65. exf6 Kxf6 66. Kf4 Kf7 67. Ke5 Ke7 68. Kf4 Kf6 69. Ke3
Kg5 70. Kd3 Kf4 71. Kc3 Ke4 72. Kd2 Kxd4 73. Ke2 e5 74. Kd2 e4 75. Ke2 Kc3
76. Ke3 d4+ 77. Kxe4 d3 78. Ke3 d2 79. Ke2 Kc2 80. Ke3 d1=Q 81. Ke4 Qd3+ 82.
Ke5 Qc4 83. Kd6 Qb5 84. Kc7 Qd5 85. Kb6 Qc4 86. Kb7 Qc5 87. Kb8 Qe7 88. Kc8
Kb3 89. Kb8 Kb4 90. Kc8 Kb5 91. Kb8 Kb6 92. Kc8 Qc7# {White checkmated} 0-1

[Event "ICC tourney 3095 (40 10)"]
[Site "Internet Chess Club"]
[Date "2023.01.07"]
[Round "1"]
[White "Anand, Anirudh:AnirudhAnand"]
[Black "ANGELCHIK, JACOB:t105mm"]
[Result "1-0"]
[ICCResult "Black checkmated"]
[WhiteElo "768"]
[BlackElo "1259"]
[Opening "Sicilian"]
[ECO "B50"]
[NIC "SI.01"]
[Time "11:00:01"]
[PlyCount "57"]
[TimeControl "2400+10"]

1. e4 c5 2. Nf3 d6 3. c3 Nc6 4. d4 cxd4 5. cxd4 Bg4 6. Be3 Nf6 7. Nc3 Qa5 8.
Bd3 e6 9. Qb3 Nb4 10. Bb5+ Nd7 11. Bxd7+ Kxd7 12. a3 Bxf3 13. gxf3 d5 14.
O-O-O Rc8 15. axb4 Bxb4 16. Bd2 Rc4 17. Kb1 Rxd4 18. Be3 Rxd1+ 19. Rxd1 Rc8
20. Nxd5 exd5 21. Rxd5+ Ke7 22. Rxa5 Bxa5 23. Qxb7+ Rc7 24. Qb3 Be1 25. Qa3+
Kf6 26. Bg5+ Kxg5 27. Qe3+ Kh4 28. Qf4+ Kh3 29. Qg3# {Black checkmated} 1-0

[Event "ICC tourney 3095 (40 10)"]
[Site "Internet Chess Club"]
[Date "2023.01.07"]
[Round "1"]
[White "VUYYURU, SHRIYAN:loudcertainlava"]
[Black "SHRIVASTAVA, NIVAAN:K03-30075883"]
[Result "1-0"]
[ICCResult "Black checkmated"]
[WhiteElo "1411"]
[BlackElo "1029"]
[Opening "Queen's gambit declined"]
[ECO "D30"]
[NIC "QP.08"]
[Time "11:35:13"]
[PlyCount "153"]
[TimeControl "2400+10"]

1. d4 d5 2. c4 e6 3. e3 c5 4. Nc3 Nf6 5. Nf3 Nc6 6. Be2 Be7 7. O-O O-O 8. b3
b6 9. Bb2 Bb7 10. Rc1 h6 11. a3 Rc8 12. Re1 Qd7 13. dxc5 Bxc5 14. b4 Be7 15.
cxd5 exd5 16. Bb5 a6 17. Bxc6 Bxc6 18. Ne5 Qe6 19. Nxc6 Rxc6 20. Qd2 Rd8 21.
Qe2 Rc4 22. Nxd5 Rxc1 23. Nxe7+ Qxe7 24. Rxc1 b5 25. h3 Rd6 26. Rc8+ Kh7 27.
Qc2+ Qe4 28. Bxf6 Qxc2 29. Rxc2 gxf6 30. Rc3 Kg6 31. Kh2 Rd2 32. Kg3 Ra2 33.
Kf3 h5 34. Kg3 Kg5 35. h4+ Kf5 36. Kf3 Kg6 37. e4 Kh6 38. Kg3 Kg6 39. Rf3
Kg7 40. Kf4 Rc2 41. Kf5 Rc6 42. e5 fxe5 43. Kxe5 Re6+ 44. Kd5 Rb6 45. Rg3+
Kh6 46. Rg5 Rf6 47. f3 Rf4 48. Rg3 Rxh4 49. Kc6 Rf4 50. Kb6 Rf6+ 51. Ka5 Re6
52. Rg8 Re3 53. Kxa6 Rxa3+ 54. Kxb5 Ra2 55. Kb6 Kh7 56. Rg3 h4 57. Rh3 Rxg2
58. Rxh4+ Kg6 59. Rg4+ Rxg4 60. fxg4 Kg5 61. Kc5 Kxg4 62. b5 f5 63. b6 f4
64. b7 f3 65. b8=Q f2 66. Qb1 Kg3 67. Qf1 Kf3 68. Kd4 Kg3 69. Ke3 Kg4 70.
Qxf2 Kg5 71. Qf4+ Kg6 72. Ke4 Kg7 73. Ke5 Kg8 74. Qf6 Kh7 75. Qg5 Kh8 76.
Kf6 Kh7 77. Qg7# {Black checkmated} 1-0

[Event "ICC tourney 3095 (40 10)"]
[Site "Internet Chess Club"]
[Date "2023.01.07"]
[Round "1"]
[White "SCHROMBECK, JON A:Gm374"]
[Black "KISHORE, KAVISH:K03-16800564"]
[Result "0-1"]
[ICCResult "White resigns"]
[WhiteElo "1029"]
[BlackElo "1405"]
[Opening "Sicilian: Najdorf, Byrne (English) attack"]
[ECO "B90"]
[NIC "SI.14"]
[Time "11:19:28"]
[PlyCount "80"]
[TimeControl "2400+10"]

1. e4 c5 2. Nf3 d6 3. d4 cxd4 4. Nxd4 Nf6 5. Nc3 a6 6. Be3 e6 7. Bc4 Nc6 8.
f3 Qc7 9. Bb3 h6 10. O-O b5 11. a3 Bb7 12. Qd2 Be7 13. Rad1 Ne5 14. Qe2 Rc8
15. f4 Nc4 16. Bc1 Nxa3 17. e5 dxe5 18. fxe5 Nd7 19. Bxe6 O-O 20. Bxd7 Qxd7
21. e6 fxe6 22. Qxe6+ Qxe6 23. Nxe6 Rxf1+ 24. Rxf1 Nxc2 25. Bf4 Nb4 26. Nc7
Bc5+ 27. Kh1 g5 28. Be5 Nd3 29. Bg3 Nf2+ 30. Bxf2 Bxf2 31. Rxf2 Rxc7 32. Ne2
Rc2 33. Kg1 Rxb2 34. h3 a5 35. g4 a4 36. h4 a3 37. Nc3 Rxf2 38. Kxf2 b4 39.
Na2 b3 40. Nc3 a2 {White resigns} 0-1

[Event "ICC tourney 3095 (40 10)"]
[Site "Internet Chess Club"]
[Date "2023.01.07"]
[Round "1"]
[White "ASKEW, GEORGE:BlueStorm"]
[Black "WESLEY, GEORGE:Maglars"]
[Result "1-0"]
[ICCResult "Black resigns"]
[WhiteElo "1360"]
[BlackElo "982"]
[Opening "Queen's pawn game"]
[ECO "D04"]
[NIC "QP.08"]
[Time "11:00:58"]
[PlyCount "65"]
[TimeControl "2400+10"]

1. d4 d5 2. Nf3 Nf6 3. e3 Bf5 4. Nbd2 e6 5. c4 c5 6. cxd5 exd5 7. Bb5+ Bd7
8. Bxd7+ Nbxd7 9. dxc5 Bxc5 10. O-O O-O 11. a3 a5 12. Nb3 Bd6 13. Bd2 b6 14.
Rc1 Rc8 15. Nbd4 Rxc1 16. Qxc1 Nc5 17. Nb5 Bb8 18. Nfd4 Nfe4 19. f3 Nxd2 20.
Qxd2 Qd7 21. Rc1 Be5 22. b4 Bxd4 23. Nxd4 axb4 24. axb4 Ne6 25. Qc3 Nxd4 26.
Qxd4 Qe6 27. b5 Rc8 28. Rxc8+ Qxc8 29. Qxb6 h6 30. Qc6 Qf5 31. Qe8+ Kh7 32.
e4 dxe4 33. Qxe4 {Black resigns} 1-0

[Event "ICC tourney 3095 (40 10)"]
[Site "Internet Chess Club"]
[Date "2023.01.07"]
[Round "2"]
[White "Bolme, Thomas Bradley:ThomasBradley75"]
[Black "VUYYURU, SHRIYAN:loudcertainlava"]
[Result "0-1"]
[ICCResult "White checkmated"]
[WhiteElo "669"]
[BlackElo "1411"]
[Opening "Queen's pawn"]
[ECO "A40"]
[NIC "QO.17"]
[Time "13:15:15"]
[PlyCount "56"]
[TimeControl "2400+10"]

1. d4 e6 2. Nf3 d5 3. Bf4 Nf6 4. e3 Nc6 5. Bb5 Bd7 6. O-O Bd6 7. Bxd6 cxd6
8. Re1 O-O 9. Nc3 a6 10. Bd3 e5 11. Na4 e4 12. Be2 exf3 13. Bxf3 Bf5 14. Nc3
Be4 15. Nxe4 dxe4 16. Be2 d5 17. c3 b5 18. b3 Na5 19. c4 bxc4 20. bxc4 Nxc4
21. Qc2 Rc8 22. a4 Nxe3 23. fxe3 Rxc2 24. Bxa6 Qa5 25. Be2 Qc3 26. a5 Qxe3+
27. Kf1 Ng4 28. Bxg4 Qf2# {White checkmated} 0-1

[Event "ICC tourney 3095 (40 10)"]
[Site "Internet Chess Club"]
[Date "2023.01.07"]
[Round "2"]
[White "Xu, Michael:mxu81"]
[Black "XAVIER KIM, EVEREST:K05-17350711"]
[Result "1-0"]
[ICCResult "Black checkmated"]
[WhiteElo "1186"]
[BlackElo "708"]
[Opening "French: exchange variation"]
[ECO "C01"]
[NIC "FR.01"]
[Time "13:16:02"]
[PlyCount "63"]
[TimeControl "2400+10"]

1. e4 e6 2. d4 d5 3. exd5 exd5 4. Nf3 Nc6 5. Bb5 Bd7 6. O-O Bd6 7. Re1+ Nge7
8. Bg5 f6 9. Bh4 O-O 10. c4 a6 11. cxd5 Nxd5 12. Bc4 Be6 13. Rxe6 Nde7 14.
Rxd6+ Kh8 15. Rxd8 Rfxd8 16. d5 b5 17. Bb3 a5 18. Nc3 a4 19. Bc2 Nb4 20. a3
Nxc2 21. Qxc2 Nxd5 22. Nxd5 Rxd5 23. Qc6 Rad8 24. h3 g5 25. Qxf6+ Kg8 26.
Nxg5 R8d7 27. Re1 Re5 28. Rxe5 Rd1+ 29. Kh2 Rh1+ 30. Kxh1 h5 31. Qf7+ Kh8
32. Re8# {Black checkmated} 1-0

[Event "ICC tourney 3095 (40 10)"]
[Site "Internet Chess Club"]
[Date "2023.01.07"]
[Round "2"]
[White "ZHOU, ZACK:ZackZhou"]
[Black "Yan, Rayna:K01-30157975"]
[Result "1-0"]
[ICCResult "Black checkmated"]
[WhiteElo "1300"]
[BlackElo "1048"]
[Opening "Giuoco Piano"]
[ECO "C44"]
[NIC "SO.06"]
[Time "13:15:22"]
[PlyCount "95"]
[TimeControl "2400+10"]

1. e4 e5 2. Nf3 Nc6 3. d4 exd4 4. Bc4 Bc5 5. c3 Nf6 6. cxd4 Bb4+ 7. Bd2 Nxe4
8. Bxf7+ Kxf7 9. Qb3+ Kf8 10. Bxb4+ Nxb4 11. Qxb4+ Qe7 12. Qxe7+ Kxe7 13.
O-O Kd8 14. Ne5 Rf8 15. f3 Nf6 16. Nc3 d6 17. Nc4 Be6 18. Ne3 Re8 19. Rfe1
Bf7 20. Nf5 g6 21. Rxe8+ Bxe8 22. Ng3 Bf7 23. Nge4 Ke7 24. Re1 Be6 25. Ng5
Re8 26. Rxe6+ Kd7 27. Rxf6 Re1+ 28. Kf2 Rc1 29. Re6 Rc2+ 30. Re2 Rc1 31.
Nxh7 c5 32. d5 a6 33. Nf6+ Kc7 34. Na4 b5 35. Re7+ Kc8 36. Nb6+ Kb8 37.
Nfd7+ Kb7 38. Re6 Rc2+ 39. Kg3 Rxb2 40. Rxg6 Rxa2 41. h4 c4 42. Rxd6 c3 43.
Rc6 b4 44. h5 c2 45. h6 b3 46. h7 b2 47. h8=Q b1=Q 48. Qa8# {Black
checkmated} 1-0

[Event "ICC tourney 3095 (40 10)"]
[Site "Internet Chess Club"]
[Date "2023.01.07"]
[Round "2"]
[White "ANGELCHIK, JACOB:t105mm"]
[Black "SCHROMBECK, JON A:Gm374"]
[Result "1-0"]
[ICCResult "Black resigns"]
[WhiteElo "1259"]
[BlackElo "1029"]
[Opening "Trompowsky attack (Ruth, Opocenský opening)"]
[ECO "A45"]
[NIC "QP.07"]
[Time "13:15:14"]
[PlyCount "69"]
[TimeControl "2400+10"]

1. d4 Nf6 2. Bg5 e6 3. e4 Be7 4. e5 Nd5 5. Bxe7 Qxe7 6. c4 Nb6 7. Nf3 c6 8.
Nc3 d5 9. c5 N6d7 10. Bd3 g6 11. Qd2 O-O 12. Qh6 f6 13. O-O-O fxe5 14. dxe5
Qg7 15. Qh3 Nxe5 16. Nxe5 Qxe5 17. Rhe1 Qf4+ 18. Kb1 e5 19. Qg3 Qxg3 20.
fxg3 e4 21. Bc2 Bg4 22. Rd2 Nd7 23. h3 Be6 24. b4 a5 25. a3 axb4 26. axb4
Ne5 27. Bb3 Ra7 28. Nxe4 Rfa8 29. Kb2 Nc4+ 30. Bxc4 dxc4 31. Nc3 Bd5 32.
Ree2 Ra6 33. Nxd5 Ra2+ 34. Kc3 cxd5 35. Rxa2 {Black resigns} 1-0

[Event "ICC tourney 3095 (40 10)"]
[Site "Internet Chess Club"]
[Date "2023.01.07"]
[Round "2"]
[White "JARGALSAIKHAN, OCHIR:K06-30018301"]
[Black "NI, MATTHEW:oldwetplant"]
[Result "1-0"]
[ICCResult "Black resigns"]
[WhiteElo "1411"]
[BlackElo "1324"]
[Opening "QGD: Marshall defense"]
[ECO "D06"]
[NIC "QP.08"]
[Time "13:15:19"]
[PlyCount "71"]
[TimeControl "2400+10"]

1. d4 d5 2. c4 Nf6 3. cxd5 Nxd5 4. Nf3 Nf6 5. Nc3 Bf5 6. g3 e6 7. Nh4 Be4 8.
Nxe4 Nxe4 9. a3 Nc6 10. e3 Qf6 11. Qc2 Ng5 12. Bg2 e5 13. d5 Nd8 14. f4 exf4
15. exf4 Qe7+ 16. Qe2 Nge6 17. dxe6 Nxe6 18. O-O O-O-O 19. Be3 Nd4 20. Qf2
Nc2 21. Nf5 Qe6 22. Qxc2 g6 23. Rac1 Rd7 24. Bf2 gxf5 25. Rfe1 Qd6 26. Re8+
Rd8 27. Qxf5+ Kb8 28. Rxd8+ Qxd8 29. Qb5 Qc8 30. Re1 Bd6 31. Qa5 a6 32. Qc3
Rg8 33. Qd4 c5 34. Qxd6+ Ka8 35. Qxc5 Qb8 36. Re7 {Black resigns} 1-0

[Event "ICC tourney 3095 (40 10)"]
[Site "Internet Chess Club"]
[Date "2023.01.07"]
[Round "2"]
[White "SHRIVASTAVA, NIVAAN:K03-30075883"]
[Black "CHANG, ALEXANDER:Elatedbook"]
[Result "0-1"]
[ICCResult "White resigns"]
[WhiteElo "1029"]
[BlackElo "1267"]
[Opening "Giuoco Piano: four knights variation"]
[ECO "C50"]
[NIC "IG.02"]
[Time "13:15:08"]
[PlyCount "84"]
[TimeControl "2400+10"]

1. e4 e5 2. Nf3 Nc6 3. Bc4 Bc5 4. Nc3 Nf6 5. O-O d6 6. h3 Be6 7. Bb3 Qe7 8.
d3 O-O-O 9. Be3 Bxe3 10. fxe3 Rdg8 11. d4 Bd7 12. d5 Nd8 13. Qd3 g5 14. Nb5
a6 15. Nc3 g4 16. hxg4 Rxg4 17. Kf2 Rhg8 18. Rg1 h5 19. Bc4 b5 20. Bb3 c6
21. a4 Nb7 22. dxc6 Bxc6 23. axb5 Nc5 24. Qc4 Nfxe4+ 25. Nxe4 Nxe4+ 26. Ke1
Nc5 27. bxc6 Rxc4 28. Bxc4 Qa7 29. Ra2 Rg3 30. Ke2 f6 31. b4 Ne4 32. Rxa6
Qb8 33. b5 Nc5 34. Ra3 Rg4 35. Nd2 Rxc4 36. Nxc4 Qxb5 37. Rc3 d5 38. Ra1
dxc4 39. Ra8+ Kc7 40. Rf8 Qxc6 41. Rf7+ Kd8 42. Rxc4 Qa6 {White resigns} 0-1

[Event "ICC tourney 3095 (40 10)"]
[Site "Internet Chess Club"]
[Date "2023.01.07"]
[Round "2"]
[White "WESLEY, GEORGE:Maglars"]
[Black "Saravia, Kyle:Kyle45"]
[Result "0-1"]
[ICCResult "White checkmated"]
[WhiteElo "982"]
[BlackElo "1231"]
[Opening "English: symmetrical variation"]
[ECO "D33"]
[NIC "EO.64"]
[Time "13:15:10"]
[PlyCount "84"]
[TimeControl "2400+10"]

1. c4 c5 2. Nc3 Nf6 3. g3 e6 4. Bg2 Nc6 5. Nf3 d5 6. cxd5 exd5 7. d4 h6 8.
O-O Be6 9. Re1 Qd7 10. e4 dxe4 11. Nxe4 Nxe4 12. Rxe4 Be7 13. Ne5 Nxe5 14.
Rxe5 cxd4 15. Bf1 O-O 16. Bd3 Bf6 17. Rh5 Bg4 18. Be2 Bxh5 19. Bxh5 d3 20.
Bg4 Qd4 21. Kh1 Rad8 22. Rb1 d2 23. Bxd2 Qxd2 24. Qf1 Rfe8 25. Bh5 Qd5+ 26.
Qg2 Qxh5 27. Qxb7 Rd1+ 28. Rxd1 Qxd1+ 29. Kg2 Re1 30. Qc8+ Bd8 31. Kh3 Re6
32. b4 Qh5+ 33. Kg2 Qd5+ 34. Kh3 Kh7 35. Qc2+ g6 36. Qc8 Bb6 37. Qf8 Qf5+
38. Kg2 Qxf2+ 39. Kh3 Qf1+ 40. Kh4 g5+ 41. Kg4 Re4+ 42. Kh5 Qh3#
{White checkmated}
0-1

[Event "ICC tourney 3095 (40 10)"]
[Site "Internet Chess Club"]
[Date "2023.01.07"]
[Round "2"]
[White "SINTON, LUC:LucSinton"]
[Black "Lou, Alvin:alvinl77"]
[Result "0-1"]
[ICCResult "White checkmated"]
[WhiteElo "1400"]
[BlackElo "885"]
[Opening "Queen's pawn: London system"]
[ECO "A45"]
[NIC "QP.07"]
[Time "13:15:27"]
[PlyCount "162"]
[TimeControl "2400+10"]

1. d4 Nf6 2. Bf4 e6 3. Nc3 Bb4 4. Nf3 Bxc3+ 5. bxc3 c5 6. e3 d5 7. c4 cxd4
8. cxd5 Qa5+ 9. Qd2 Qxd2+ 10. Nxd2 dxe3 11. Bxe3 exd5 12. Bd4 Nbd7 13. Bb5
O-O 14. Bxd7 Nxd7 15. O-O Nb6 16. Rfe1 Bf5 17. Bxb6 axb6 18. Rab1 Rxa2 19.
Rxb6 Rxc2 20. Nf1 d4 21. Rd1 Rd8 22. Ne3 Rc5 23. Nxf5 Rxf5 24. Rxb7 g6 25.
Rb4 Rfd5 26. Kf1 Kg7 27. Ke2 Kf6 28. Kf3 Ke6 29. Re1+ Re5 30. Rd1 d3 31. Rb3
d2 32. Re3 Rxe3+ 33. Kxe3 Ke5 34. h3 f5 35. f4+ Kf6 36. Rxd2 Rxd2 37. Kxd2
g5 38. g3 gxf4 39. gxf4 Ke6 40. Ke3 Kd5 41. Kd3 h6 42. Ke3 Kc4 43. Kf3 Kd4
44. Kg3 Ke4 45. Kh4 Kxf4 46. Kh5 Kg3 47. h4 f4 48. Kxh6 f3 49. h5 f2 50. Kg7
f1=Q 51. h6 Qa1+ 52. Kg8 Qa2+ 53. Kg7 Qb2+ 54. Kg8 Qb3+ 55. Kf8 Qb4+ 56. Kg8
Qc4+ 57. Kg7 Qd4+ 58. Kg8 Qd5+ 59. Kg7 Qe5+ 60. Kg8 Qe6+ 61. Kg7 Qg4+ 62.
Kh8 Qc8+ 63. Kg7 Qd7+ 64. Kh8 Qe8+ 65. Kg7 Qe7+ 66. Kg8 Qg5+ 67. Kh7 Kh4 68.
Kh8 Qxh6+ 69. Kg8 Kg5 70. Kf7 Qg6+ 71. Ke7 Qf6+ 72. Kd7 Qe5 73. Kc8 Qd6 74.
Kb7 Qc5 75. Kb8 Qc6 76. Ka7 Qb5 77. Ka8 Kf6 78. Ka7 Ke6 79. Ka8 Kd6 80. Ka7
Kc6 81. Ka8 Qb7# {White checkmated} 0-1